Workbook

Sheet Anexo III
A1: PRÓ-REITORIA DE ADMINISTRAÇÃO
A2: COORDENAÇÃO DE MATERIAIS
A3: ANEXO III - PLANILHA ESTIMATIVA DE DESCRIÇÃO E PREÇOS
A5: ITEM LICITAÇÃO | B5: DESCRIÇÃO/ ESPECIFICAÇÃO | C5: UNIDADE DE MEDIDA | D5: SUGESTÃO DE CATMAT | E5: INFORMAÇÕES ADICIONAIS | F5: QUANTIDADE UFF | G5: QUANTIDADE UASG 926111 | H5: QUANTIDADE UASG 751212 | I5: VALOR UNITÁRIO | J5: VALOR TOTAL LICITAÇÃO | K5: EXCLUSIVO ME/EPP | L5: MODO DE DISPUTA | M5: INTERVALO LANCES
A6: 1 | B6: Alicate de bico fino 5" meia cana, solação elétrica de 1000V; Têmpera especial no gume de corte e mandíbulas. | C6: unidade | D6: 359961 | E6: CTF/APP: FTE - Categoria: Indústria Metalúrgica; Código: 3 | F6: 8 | G6: 8 | H6: 8 | I6: 50.78 | J6: =(F6+G6+H6)*I6 -> 1218.72 | K6: SIM | L6: Aberto | M6: =VLOOKUP(I6, Intervalos!$B$3:$C$8,2,TRUE) -> 0.1
A7: 2 | B7: Alicate de Corte Diagonal 6” - Forjado em aço cromo vanádio, acabamento acetinado cabeça e articulações polidas, têmpera total no corpo, têmpera por indução no gume de corte, isolação elétrica de 1000 V c.a, cabos com dupla injeção. | C7: unidade | D7: 336881 | E7: CTF/APP: FTE - Categoria: Indústria Metalúrgica; Código: 3 | F7: 7 | G7: 8 | H7: 7 | I7: 50.75 | J7: =(F7+G7+H7)*I7 -> 1116.5 | K7: SIM | L7: Aberto | M7: =VLOOKUP(I7, Intervalos!$B$3:$C$8,2,TRUE) -> 0.1
A8: 3 | B8: Alicate de crimpagem RJ-45, Acompanha lâminas de corte extra, Dimensões(L x A x C): 27,50 x 11,50 x 14cm | C8: unidade | D8: 624206 | E8: CTF/APP: FTE - Categoria: Indústria Metalúrgica; Código: 3 | F8: 20 | G8: 6 | H8: 3 | I8: 266.53 | J8: =(F8+G8+H8)*I8 -> 7729.37 | K8: SIM | L8: Aberto | M8: =VLOOKUP(I8, Intervalos!$B$3:$C$8,2,TRUE) -> 0,10%
A9: 4 | B9: Alicate de Pressão 10" ( 240 mm) - abertura regulável, alavanca para destravar, dureza diferenciada no gume de corte e no corpo, pode ser utilizada como prensa em trabalhos leves, abertura máxima da boca: 62 mm, mordente triangular, material aço cromo vanádio, cabo em chapas conformadas, acabamento cromado | C9: unidade | D9: 307420 | E9: CTF/APP: FTE - Categoria: Indústria Metalúrgica; Código: 3 | F9: 7 | G9: 6 | H9: 7 | I9: 66.18 | J9: =(F9+G9+H9)*I9 -> 1323.6 | K9: SIM | L9: Aberto | M9: =VLOOKUP(I9, Intervalos!$B$3:$C$8,2,TRUE) -> 0.1
A10: 5 | B10: Alicate Decapador Cortador, corta fios com um tamanho de 10-24 AWG, Material:Liga de aço, Borracha termoplástica, Material do cabo: Borracha e Tipo de empunhadura: Ergonômico | C10: unidade | D10: 393437 | E10: CTF/APP: FTE - Categoria: Indústria Metalúrgica; Código: 3 | F10: 15 | G10: 6 | H10: 6 | I10: 90 | J10: =(F10+G10+H10)*I10 -> 2430 | K10: SIM | L10: Aberto | M10: =VLOOKUP(I10, Intervalos!$B$3:$C$8,2,TRUE) -> 0.1
A11: 6 | B11: Alicate para Eletricista e Desencapador de fios 8" - para fios entre 10 e 24 AWG com ajuste para fios menores de 20 AWG, controla o tamanho a ser realizado, para diversos tamanhos: DE 10 A 22 AWG e terminais de 7 A 8 mm. | C11: unidade | D11: 616634 | E11: CTF/APP: FTE - Categoria: Indústria Metalúrgica; Código: 3 | F11: 8 | G11: 6 | H11: 3 | I11: 162.66 | J11: =(F11+G11+H11)*I11 -> 2765.22 | K11: SIM | L11: Aberto | M11: =VLOOKUP(I11, Intervalos!$B$3:$C$8,2,TRUE) -> 0,10%
A12: 7 | B12: Alicate pushdown Inserção Femea 314b P/ Keystone Rj45 Rj11, Lâmina feita de SNCM-21 e endurecida, Retenção de lâmina com pressão de 4 a 6Kg. | C12: Unidade | D12: 472099 | E12: CTF/APP: FTE - Categoria: Indústria Metalúrgica; Código: 3 | F12: 15 | I12: 42.59 | J12: =(F12+G12+H12)*I12 -> 638.85 | K12: SIM | L12: Aberto | M12: =VLOOKUP(I12, Intervalos!$B$3:$C$8,2,TRUE) -> 0.05
A13: 8 | B13: Alicate Rebitador Profissional - bocal estendido, ferramenta robusta durável e de fácil manuseio, estrutura em aço de alta resistência com tratamento térmico, cabo emborrachado e ergonômico e equipado com mola ejeta a haste do rebite, comprimento 10.5” (260 mm), com 04 bicos para rebite e 01 Alicate Rebitador Profissional - bocal estendido, ferramenta robusta durável e de fácil manuseio, estrutura em aço de alta resistência com tratamento térmico, cabo emborrachado e ergonômico e equipado com mola ejeta a haste do rebite, comprimento 10.5” (260 mm), com 04 bicos para rebite e 01 chave para troca dos bicos. | C13: unidade | D13: 441194 | E13: CTF/APP: FTE - Categoria: Indústria Metalúrgica; Código: 3 | F13: 3 | G13: 8 | H13: 3 | I13: 115.12 | J13: =(F13+G13+H13)*I13 -> 1611.68 | K13: SIM | L13: Aberto | M13: =VLOOKUP(I13, Intervalos!$B$3:$C$8,2,TRUE) -> 0,10%
A14: 9 | B14: Alicate Universal Super 8" - material forjado em aço cromo vanádio, tipo leve, material cabo plástico, tipo cabo isolado, tipo corte corte temperado por indução. | C14: unidade | D14: 614570 | E14: CTF/APP: FTE - Categoria: Indústria Metalúrgica; Código: 3 | F14: 4 | G14: 8 | H14: 4 | I14: 295.05 | J14: =(F14+G14+H14)*I14 -> 4720.8 | K14: SIM | L14: Aberto | M14: =VLOOKUP(I14, Intervalos!$B$3:$C$8,2,TRUE) -> 0,10%
A15: 10 | B15: Arco Serra, Lâmina Serra Standard 12 Polegadas, Material Cabo Alumínio, Tratamento Superficial Pintura Eletrostática, Tamanho 12, Características Adicionais Profundidade De Corte De 90 Mm | C15: unidade | D15: 311040 | E15: CTF/APP: FTE - Categoria: Indústria Metalúrgica; Código: 3 | F15: 19 | H15: 10 | I15: 57.09 | J15: =(F15+G15+H15)*I15 -> 1655.61 | K15: SIM | L15: Aberto | M15: =VLOOKUP(I15, Intervalos!$B$3:$C$8,2,TRUE) -> 0.1
A16: 11 | B16: BROCA HELICOIDAL 1/4" EM AÇO RÁPIDO É INDICADA PARA METAL. POSSUI CORTE À DIREITA. FABRICADA EM MATERIAL RESISTENTE, OFERECE ALTA DURABILIDADE. DIN 339 | C16: unidade | D16: 389064 | E16: CTF/APP: FTE - Categoria: Indústria Metalúrgica; Código: 3 | F16: 25 | H16: 4 | I16: 12.9 | J16: =(F16+G16+H16)*I16 -> 374.1 | K16: SIM | L16: Aberto | M16: =VLOOKUP(I16, Intervalos!$B$3:$C$8,2,TRUE) -> 0.03
A17: 12 | B17: Broca helicoidal 10mm em aço rápido. Indicada para metal. Possui corte à direita. Fabricada em material resistente. Alta durabilidade. Comprimento total: 133mm, comprimento canal: 87mm, DIN 338. Com encaixe SDS. | C17: Unidade | D17: 389996 | E17: CTF/APP: FTE - Categoria: Indústria Metalúrgica; Código: 3 | F17: 25 | I17: 31.01 | J17: =(F17+G17+H17)*I17 -> 775.25 | K17: SIM | L17: Aberto | M17: =VLOOKUP(I17, Intervalos!$B$3:$C$8,2,TRUE) -> 0.05
A18: 13 | B18: BROCA HELICOIDAL 11MM EM AÇO RÁPIDO É INDICADA PARA METAL. POSSUI CORTE À DIREITA. FABRICADA EM MATERIAL RESISTENTE, OFERECE ALTA DURABILIDADE.COMPRIMENTO TOTAL: 142MM, COMPRIMENTO CANAL: 94MM, DIN 338 | C18: unidade | D18: 389990 | E18: CTF/APP: FTE - Categoria: Indústria Metalúrgica; Código: 3 | F18: 25 | I18: 35.25 | J18: =(F18+G18+H18)*I18 -> 881.25 | K18: SIM | L18: Aberto | M18: =VLOOKUP(I18, Intervalos!$B$3:$C$8,2,TRUE) -> 0.05
A19: 14 | B19: BROCA HELICOIDAL 12MM EM AÇO RÁPIDO É INDICADA PARA METAL. POSSUI CORTE À DIREITA. FABRICADA EM MATERIAL RESISTENTE, OFERECE ALTA DURABILIDADE.COMPRIMENTO TOTAL: 151MM, DIN 338 | C19: unidade | D19: 481571 | E19: CTF/APP: FTE - Categoria: Indústria Metalúrgica; Código: 3 | F19: 13 | I19: 34.03 | J19: =(F19+G19+H19)*I19 -> 442.39 | K19: SIM | L19: Aberto | M19: =VLOOKUP(I19, Intervalos!$B$3:$C$8,2,TRUE) -> 0.05
A20: 15 | B20: Caixa Com Ferramentas Cargobox Modular / Baú 60 Peças; Marca Tramontina Pro Ou Similar. | C20: Unidade | D20: 628987 | E20: - | F20: 3 | G20: 4 | H20: 3 | I20: 1562.96 | J20: =(F20+G20+H20)*I20 -> 15629.6 | K20: SIM | L20: Aberto | M20: =VLOOKUP(I20, Intervalos!$B$3:$C$8,2,TRUE) -> 0,10%
A21: 16 | B21: Calibrador digital: Compressor de ar portátil com inflador de pneu mini com bateria recarregável de 4000 mAh, bomba de pneu sem fio 150 PSI, luz de emergência LED, bomba de ar calibre de pressão para carro bicicleta motocicleta bola inflável. Modelo referência: Baseus-Compressor de ar. | C21: Unidade | D21: 482910 | E21: CTF/APP: FTE - Categoria: Indústria Mecânica; Código: 4 | F21: 2 | H21: 2 | I21: 259.73 | J21: =(F21+G21+H21)*I21 -> 1038.92 | K21: SIM | L21: Aberto | M21: =VLOOKUP(I21, Intervalos!$B$3:$C$8,2,TRUE) -> 0,10%
A22: 17 | B22: Chave inglesa 18 polegadas. Ajustável, 450mm , Aço carbono cromado . | C22: Unidade | D22: 375978 | E22: CTF/APP: FTE - Categoria: Indústria Metalúrgica; Código: 3 | F22: 3 | G22: 6 | H22: 3 | I22: 189.74 | J22: =(F22+G22+H22)*I22 -> 2276.88 | K22: SIM | L22: Aberto | M22: =VLOOKUP(I22, Intervalos!$B$3:$C$8,2,TRUE) -> 0,10%
A23: 18 | B23: Chave Tipo Grifo , - comprimento 36”, ajustável para diversas medidas, capacidade de abertura 102mm, mordentes em aço liga e corpo em alumínio fundido, acabamento pintura eletrostática. | C23: unidade | D23: 615068 | E23: CTF/APP: FTE - Categoria: Indústria Metalúrgica; Código: 3 | F23: 2 | H23: 2 | I23: 213.37 | J23: =(F23+G23+H23)*I23 -> 853.48 | K23: SIM | L23: Aberto | M23: =VLOOKUP(I23, Intervalos!$B$3:$C$8,2,TRUE) -> 0,10%
A24: 19 | B24: Chave Tipo Grifo , - comprimento 48”, ajustável para diversas medidas, capacidade de abertura 140mm,mordentes aço cromo vanádio temperada e corpo em alumínio fundido, acabamento pintura eletrostática. | C24: unidade | D24: 429890 | E24: CTF/APP: FTE - Categoria: Indústria Metalúrgica; Código: 3 | F24: 2 | H24: 2 | I24: 413.37 | J24: =(F24+G24+H24)*I24 -> 1653.48 | K24: SIM | L24: Aberto | M24: =VLOOKUP(I24, Intervalos!$B$3:$C$8,2,TRUE) -> 0,10%
A25: 20 | B25: Controle Remoto Compatível Para Projetor Benq MS513PB | C25: unidade | D25: 362242 | E25: Margem de preferência normal código CFI ou PPB: 10% Margem de preferência adicional portaria DesIn: 10% | F25: 19 | I25: 68.9 | J25: =(F25+G25+H25)*I25 -> 1309.1 | K25: SIM | L25: Aberto | M25: =VLOOKUP(I25, Intervalos!$B$3:$C$8,2,TRUE) -> 0.1
A26: 21 | B26: Controle remoto compatível para projetor Epson, com pilhas, modelos: powerlite S5 S5 +,powerlite S6 S6 +, powerlite S8 S8 +, powerlite S10 S10 +, powerlite S11, powerlite S12 +, powerlite S18 +, powerlite S27 +, powerlite W11 +, powerlite W12 +, powerlite X12, powerlite X14 +, powerlite X36 +, powerlite X41 +, powerlite X39 +, powerlite W39 +, powerlite X29 +, powerlite X05 +, brightlink 425WI, brightlink 435WI, brightlink 475WI +, brightlink 485WI +, EX5210, powerlite 1870, powerlite 420W, powerlite 430, powerlite EX3212, powerlite home cinema 710HD | C26: unidade | D26: 362242 | E26: Margem de preferência normal código CFI ou PPB: 10% Margem de preferência adicional portaria DesIn: 10% | F26: 94 | I26: 67.86 | J26: =(F26+G26+H26)*I26 -> 6378.84 | K26: SIM | L26: Aberto | M26: =VLOOKUP(I26, Intervalos!$B$3:$C$8,2,TRUE) -> 0.1
A27: 22 | B27: Cooler para bebedouro e purificador: dimensões 92 × 92 × 25 mm. Conector 2pin (XH2.54), tensão nominal DC12V, corrente nominal: 0.18 ± 10% Amp, velocidade nominal 2400±10% rpm, fluxo de ar 43,5CFM, ruído 34,5±10% dBA, tipo de rolamento Sleeve, vida útil 20.000 horas. | C27: unidade | D27: 473430 | E27: - | F27: 75 | I27: 36.73 | J27: =(F27+G27+H27)*I27 -> 2754.75 | K27: SIM | L27: Aberto | M27: =VLOOKUP(I27, Intervalos!$B$3:$C$8,2,TRUE) -> 0.05
A28: 23 | B28: Esmeril Angular. 50 Hz/60Hz. Potência 2.600w. Tensão Alimentação 220v – 230v+. 230 mm. Rotação 6.500 RPM. Cabo de energia: 2,5m. Eixo: M14. | C28: unidade | D28: 605883 | E28: CTF/APP: FTE - Categoria: Indústria Mecânica; Código: 4 | F28: 2 | G28: 4 | H28: 2 | I28: 1232.06 | J28: =(F28+G28+H28)*I28 -> 9856.48 | K28: SIM | L28: Aberto | M28: =VLOOKUP(I28, Intervalos!$B$3:$C$8,2,TRUE) -> 0,10%
A29: 24 | B29: Estabilizador Bivolt/115V - Quantidade de tomadas: no mínimo 6 - Frequência: 60 Hz - Potência 1000 W . Certificado conforme a norma NBR 14373 do INMETRO. | C29: unidade | D29: 346722 | E29: Margem de preferência normal código CFI ou PPB: 10% Margem de preferência adicional portaria DesIn: 10% | F29: 64 | I29: 316.33 | J29: =(F29+G29+H29)*I29 -> 20245.12 | K29: SIM | L29: Aberto | M29: =VLOOKUP(I29, Intervalos!$B$3:$C$8,2,TRUE) -> 0,10%
A30: 25 | B30: Ferramenta de Crimpagem Rápida (Módulo V2). Possibilita a conexão simultânea de até 8 condutores metálicos isolados em terminais de conexão padrão 110 IDC. Compatibilidade Conector Fêmea U/UTP Cat.5e Multilan 90/180, em conformidade com a Diretiva Europeia RoHS. | C30: Unidade | D30: 278677 | E30: CTF/APP: FTE - Categoria: Indústria Metalúrgica; Código: 3 | F30: 5 | I30: 804.43 | J30: =(F30+G30+H30)*I30 -> 4022.15 | K30: SIM | L30: Aberto | M30: =VLOOKUP(I30, Intervalos!$B$3:$C$8,2,TRUE) -> 0,10%
A31: 26 | B31: FILTRO EXTERNO ROSCA 3/4 E 1/2 - VAZÃO INDICADA: 180L/H, CLASSE DE RETENÇÃO DE PARTÍCULAS: CLASSE III (5 A 15 MICRA), CLASSE DE REDUÇÃO DE CLORO LIVRE: CLASSE I (> 75%), TEMPERATURA DE OPERAÇÃO: 5 50ºC, PRESSÃO DE OPERAÇÃO: 2 40MCA, GRAU DE FILTRAÇÃO: 5 MICRA. DIMENSÕES: ALTURA: 248MM COM 15MM DE ROSCA. | C31: unidade | D31: 447843 | E31: - | F31: 38 | I31: 160.32 | J31: =(F31+G31+H31)*I31 -> 6092.16 | K31: SIM | L31: Aberto | M31: =VLOOKUP(I31, Intervalos!$B$3:$C$8,2,TRUE) -> 0,10%
A32: 27 | B32: Filtro interno para bebedouro tipo pressão – Tamanho: 20 x 2 ½ polegada – Vazão: 2.000 L/H. Uso no bebedouro tipo pressão: filtro de carvão ativado impregnado com prata que impede a proliferação de micro-organismos, elimina sabor e odor de cloro e reduz quantidade de cloro. | C32: unidade | D32: 604214 | E32: - | F32: 127 | I32: 96.02 | J32: =(F32+G32+H32)*I32 -> 12194.54 | K32: SIM | L32: Aberto | M32: =VLOOKUP(I32, Intervalos!$B$3:$C$8,2,TRUE) -> 0.1
A33: 28 | B33: Fonte de alimentação DC ajustável. Fonte de corrente contínua, tensão de entrada 110-220VAC, 50 A 60HZ; tensão de saída 0-30V, corrente de saída:0-3A. Modelo de referência: Minipa MPC-3003 | C33: unidade | D33: 300592 | E33: Margem de preferência normal código CFI ou PPB: 10% Margem de preferência adicional portaria DesIn: 10% | F33: 5 | I33: 1918.15 | J33: =(F33+G33+H33)*I33 -> 9590.75 | K33: SIM | L33: Aberto | M33: =VLOOKUP(I33, Intervalos!$B$3:$C$8,2,TRUE) -> 0,10%
A34: 29 | B34: Furadeira de Impacto Profissional. Características: Voltagem 127 V; Potência 760 W; Peso aproximado 2 Kg; Dimensões aproximadas 303x72x222mm; Rotação por minuto 0 - 2800; Mandril 13 mm; Impactos por Minuto 0 - 44.800 ipm; Incerteza K 2m/s²; Emissões de Vibrações 19 m/s². Características adicionais: - Dois modos de operação: "Simples rotação" e "Rotação com impacto"; - Design do punho em linha maximiza a potência de impacto; - Corpo emborrachado; - Velocidade variável; - Rotação Reversível; - Botão trava; - Dupla isolação. | C34: Unidade | D34: 631645 | E34: CTF/APP: FTE - Categoria: Indústria Mecânica; Código: 4 | F34: 7 | H34: 4 | I34: 502.84 | J34: =(F34+G34+H34)*I34 -> 5531.24 | K34: SIM | L34: Aberto | M34: =VLOOKUP(I34, Intervalos!$B$3:$C$8,2,TRUE) -> 0,10%
A35: 30 | B35: Furadeira e parafusadeira de impacto 12V, mandril de aperto rápido, torque 30Nm, controle de torque, 2 velocidades de rotação (alta e baixa), rotação baixa 0-450rpm, rotação alta 0-1700rpm, rotação reversível, bateria 12V íon de lítio, tensão de alimentação do carregador 127/220V. Fornecimento: 1 Furadeira e parafusadeira, 1 bateria 12V e 1 carregador. | C35: Unidade | D35: 438644 | E35: CTF/APP: FTE - Categoria: Indústria Mecânica; Código: 4_x000D_ | F35: 7 | H35: 5 | I35: 628.97 | J35: =(F35+G35+H35)*I35 -> 7547.64 | K35: SIM | L35: Aberto | M35: =VLOOKUP(I35, Intervalos!$B$3:$C$8,2,TRUE) -> 0,10%
A36: 31 | B36: Gerador portátil: Gerador com motor tipo monoclilíndrico, refrigerado a ar de 2 tempos de partida manual. Estimativa de tempo de operação contínua de 4,8 (H). Utiliza gasolina podendo suportando 4 litros. Com 63cc de cilindradas e frequência de 60Hz; Tensão de saída de12V (110 ou 220) e potência máxima de 1,5 kW. | C36: unidade | D36: 422792 | E36: CTF/APP: FTE - Categoria: Indústria de Material Elétrico, Eletrônico e Comunicações; Código: 5 | F36: 2 | I36: 1387.77 | J36: =(F36+G36+H36)*I36 -> 2775.54 | K36: SIM | L36: Aberto | M36: =VLOOKUP(I36, Intervalos!$B$3:$C$8,2,TRUE) -> 0,10%
A37: 32 | B37: Jogo Chave Canhão com 12 peças - Com haste em aço carbono, soquete usinado em aço cromo vanádio, ponta fosfatizada, acabamento cromado, cabo em PVC. contem: 1 chave canhão 10 mm; 1 chave canhão 11 mm; 1 chave canhão 12 mm; 1 chave canhão 13 mm; 1 chave canhão 14 mm; 1 chave canhão 3 mm; 1 chave canhão 4 mm; 1 chave canhão 5 mm; 1 chave canhão 6 mm; 1 chave canhão 7 mm; 1 chave canhão 8 mm; 1 chave canhão 9 mm | C37: Jogo | D37: 633637 | E37: CTF/APP: FTE - Categoria: Indústria Metalúrgica; Código: 3 | F37: 3 | G37: 6 | H37: 3 | I37: 263.34 | J37: =(F37+G37+H37)*I37 -> 3160.08 | K37: SIM | L37: Aberto | M37: =VLOOKUP(I37, Intervalos!$B$3:$C$8,2,TRUE) -> 0,10%
A38: 33 | B38: Jogo Chave Combinada Aço 6 a 22mm Boca E Estrela -12 Peças. Composto por 12 peças, nas medidas específicas: 6mm, 7mm, 8mm, 9mm, 10mm, 11mm, 12mm, 13mm,14mm, 17mm, 19mm e 22mm. Feitas de aço carbono. Chaves devem ser do tipo combinado, com boca e estrela, e revestido em aço cromado. Estojo para armazenamento. | C38: Unidade | D38: 341926 | E38: CTF/APP: FTE - Categoria: Indústria Metalúrgica; Código: 3 | F38: 12 | G38: 6 | H38: 5 | I38: 133.13 | J38: =(F38+G38+H38)*I38 -> 3061.99 | K38: SIM | L38: Aberto | M38: =VLOOKUP(I38, Intervalos!$B$3:$C$8,2,TRUE) -> 0,10%
A39: 34 | B39: Jogo de Brocas e Bits Composto Por 102 Peças: 41 bits de 25mm, sendo: 10 pozidrive (2 x pz0, 2 x pz1, 4 x pz2, 2 x pz3), 5 phillips (1 x ph1, 3 x ph2, 1 x ph3), 5 fenda (3, 4, 5, 6 e 8mm), 10 torx (1 x t8, 1 x t10, 2 x t15, 2 x t20, 1 x t25, 1 x t27, 1 x t30 e 1 x t40), 10 allen (2 x 3mm, 2 x 4mm, 2 x 5mm, 2 x 6mm, 2 x 7mm), 1 bit na chave catraca; 14 soquetes: 5, 6, 7, 8, 9, 10 e 11mm, 5/32, 7/32, 1/4, 9/32, 5/16, 3/8 e 7/16”; 1 chave allen: 2,5mm; 13 brocas hss-tin: 2 de 3mm, 1 de 3,5mm, 2 de 4mm, 1 de 4,5mm, 2 de 5mm, 1 de 5,5mm, 1 de 6mm, 1 de 6,5mm, 1 de 7mm, 1 de 8mm; 6 brocas para concreto: 4, 5, 5.5, 6, 7 e 8mm; 7 brocas 3 pontas para madeira: 2 x 3mm, 4mm, 5, 6, 7 e 8mm; 3 brocas chatas: 12, 16 e 22mm; 1 portas bits magnético; 1 chave catraca manual com porta bits; 1 nível 200mm; 4 serras copo: 32, 38, 45 e 54mm; 1 estilete de metal; 1 adaptador para serra copo; 1 trena 3,5 metros; 1 punção; 1 escareador; 1 maleta para acondicionamento dos itens; 4 suportes para bits. | C39: Unidade | D39: 457011 | F39: 2 | G39: 6 | H39: 2 | I39: 381.45 | J39: =(F39+G39+H39)*I39 -> 3814.5 | K39: SIM | L39: Aberto | M39: =VLOOKUP(I39, Intervalos!$B$3:$C$8,2,TRUE) -> 0,10%
A40: 35 | B40: Jogo de Chave Allen Curta de 2 A 10 mm | C40: jogo | D40: 446475 | F40: 8 | G40: 6 | H40: 4 | I40: 48.69 | J40: =(F40+G40+H40)*I40 -> 876.42 | K40: SIM | L40: Aberto | M40: =VLOOKUP(I40, Intervalos!$B$3:$C$8,2,TRUE) -> 0.05
A41: 36 | B41: Jogo de Chave Combinada Boca e Estrela 6 a 22 mm, fabricada em aço especial, acabamento niquelado | C41: jogo | D41: 341926 | E41: CTF/APP: FTE - Categoria: Indústria Metalúrgica; Código: 3 | F41: 12 | G41: 6 | H41: 5 | I41: 129.33 | J41: =(F41+G41+H41)*I41 -> 2974.59 | K41: SIM | L41: Aberto | M41: =VLOOKUP(I41, Intervalos!$B$3:$C$8,2,TRUE) -> 0,10%
A42: 37 | B42: Jogo de Chaves de Precisão Com Estojo de Acrílico - Contendo 3 Chaves Philips: ph00 / ph0/ ph1; 6 chaves fenda: 1mm / 1.2mm / 1.4mm / 1.8mm / 2.4mm / 3mm; 1 chave pontuda (awl); 1 chave com ponta achatada. ferramentas utilizadas para manutenção de equipamentos de informática. | C42: jogo | D42: 445941 | E42: CTF/APP: FTE - Categoria: Indústria Metalúrgica; Código: 3 | F42: 5 | G42: 6 | I42: 123.54 | J42: =(F42+G42+H42)*I42 -> 1358.94 | K42: SIM | L42: Aberto | M42: =VLOOKUP(I42, Intervalos!$B$3:$C$8,2,TRUE) -> 0,10%
A43: 38 | B43: Jogo de Chaves Torx com 9 peças de T10 a T50 - Tipo L sem furo. Material cromo vanádio em aço temperado. Com suporte para acomodação das chaves. | C43: Jogo | D43: 633771 | E43: CTF/APP: FTE - Categoria: Indústria Metalúrgica; Código: 3 | F43: 14 | G43: 6 | I43: 43.21 | J43: =(F43+G43+H43)*I43 -> 864.2 | K43: SIM | L43: Aberto | M43: =VLOOKUP(I43, Intervalos!$B$3:$C$8,2,TRUE) -> 0.05
A44: 39 | B44: Jogo de Machos em Aço Rápido: M4, M5, M6, M7, M8, M10X1,5, M12X1,5, 5/16”, ⅜”, ¼”. medida rosca: 5/16"; passo rosca: 18fpp; tipo rosca: UNC; furo da broca: 6,60mm; material: HSS; aplicação: metal; norma: DIN 351; tipo canal: canal reto; direção corte: direito. | C44: Jogo | D44: 312362 | E44: CTF/APP: FTE - Categoria: Indústria Metalúrgica; Código: 3 | F44: 3 | G44: 6 | H44: 3 | I44: 177.35 | J44: =(F44+G44+H44)*I44 -> 2128.2 | K44: SIM | L44: Aberto | M44: =VLOOKUP(I44, Intervalos!$B$3:$C$8,2,TRUE) -> 0,10%
A45: 40 | B45: Kit de Ferramentas para Notebook e Celular, Chave Fenda, Phillips e Torx - Material ‎Liga de aço, Acrílico - Tipo de cabeça ‎Torx - Comprimento: ‎20 centímetros Largura: ‎20 centímetros, Altura: ‎8 centímetros e Número da Peça: ‎943. Kit com 38 peças. | C45: Unidade | D45: 467899 | E45: CTF/APP: FTE - Categoria: Indústria Metalúrgica; Código: 3 | F45: 24 | G45: 6 | H45: 2 | I45: 78.69 | J45: =(F45+G45+H45)*I45 -> 2518.08 | K45: SIM | L45: Aberto | M45: =VLOOKUP(I45, Intervalos!$B$3:$C$8,2,TRUE) -> 0.1
A46: 41 | B46: Kit Furadeira / Parafusadeira a bateria: características da Furadeira e Parafusadeira: Capacidades: - Aço: 10mm - Madeira: 21mm, Rotações por minuto - Alta: 0 - 1.300 - Baixa: 0 - 350; Torque: J.Rigida: 24N.m, J.Flexível: 14N.m; Peso: 1kg; Emissão de vibrações: 2.5 m/s², Incerteza K: 1.5m/s². Características da Parafusadeira de impacto: Parafuso para máquina : M4 – M8; Parafuso padrão : M5 – M12; Parafuso de alta tensão : M5 – M10; Espessura da rosca : 22 – 90 mm; Impactos por minuto : 0 – 3.000; Rotações por minuto : 0 – 2.400; Torque máximo : 90 N.m; Peso : 0,92 kg; O kit deve conter: - Parafusadeira de Impacto; Furadeira e Parafusadeira; Lanterna; Jogo de Brocas e Bits de 24 Peças; 2 Baterias 12V 1,3Ah Li-ion; Carregador de Bateria; Maleta; 4 Brocas HSS TiN: 3, 4, 5 e 6 mm; 4 Brocas Madeira: 3, 5, 6 e 8 mm; 4 Bits Fenda: S1.8, S1.2, S1.2 e S1.1; 4 Bits Cruz: PZ3, PZ2, PH3 e PH2; 4 Bitz Hexalobular Macho T20, T25, T30 e T40 e 3 Bitz Fêmea: 8, 10 e 12 mm. | C46: Unidade | D46: 607965 | E46: CTF/APP: FTE - Categoria: Indústria Mecânica; Código: 4 | F46: 4 | G46: 4 | H46: 2 | I46: 1251.55 | J46: =(F46+G46+H46)*I46 -> 12515.5 | K46: SIM | L46: Aberto | M46: =VLOOKUP(I46, Intervalos!$B$3:$C$8,2,TRUE) -> 0,10%
A47: 42 | B47: Lâmina Serra Material: Aço Rápido Bi-Metal. Comprimento: 2,36 M Largura: 19 MM Aplicação: Serras De Fitas Manuais, Gravitacionais Hidráulicas Quantidade Dentes: 6-10 Por Polegada Características Adicionais: Cortes De Tubos E Sólidos, De Aço Carbono, Ligas Espessura: 0,9 MM Tipo: Serra Fita, Passo Variável | C47: Unidade | D47: 457175 | E47: CTF/APP: FTE - Categoria: Indústria Metalúrgica; Código: 3 | F47: 2 | H47: 2 | I47: 227.59 | J47: =(F47+G47+H47)*I47 -> 910.36 | K47: SIM | L47: Aberto | M47: =VLOOKUP(I47, Intervalos!$B$3:$C$8,2,TRUE) -> 0,10%
A48: 43 | B48: Lanterna de Cabeça - com 2 elásticos, ajuste universal, foco com ângulo ajustável, botão lateral liga/desliga, iluminação alta ou baixa, ilumina por 10 a 15 horas, bateria recarregável tipo lead-acid 4.25v 600mah em tomadas 110v ou 220v, 1 lâmpada de led, corpo de plástico abs. | C48: unidade | D48: 607427 | E48: - | F48: 3 | G48: 150 | H48: 3 | I48: 158.8 | J48: =(F48+G48+H48)*I48 -> 24772.8 | K48: SIM | L48: Aberto | M48: =VLOOKUP(I48, Intervalos!$B$3:$C$8,2,TRUE) -> 0,10%
A49: 44 | B49: Lavadora de Alta Pressão - pressão máxima 1600lbs/ pol² (110 bar), bomba com pistões em aço inox, cabeçote em latão, com alça de transporte, dosador de detergente integrado e espaço para armazenar o cabo elétrico e a mangueira. Potência 2200w, vazão 500l/h. mangueira de 7,5m; bico fresador; corte automático; carrinho. Voltagem 110v. | C49: unidade | D49: 292891 | E49: - | F49: 4 | G49: 20 | I49: 442.3 | J49: =(F49+G49+H49)*I49 -> 10615.2 | K49: SIM | L49: Aberto | M49: =VLOOKUP(I49, Intervalos!$B$3:$C$8,2,TRUE) -> 0,10%
A50: 45 | B50: Lavadora de alta pressão portátil. Mangueira de água: 5mts. Bateria recarregável: 30000mAh. Tensão do Carregador: 110v/220v 50 hz/60hz. Potência: 1.000w. Fluxo de água: 3 l/min. Cor: Preto. Adicionais bocal, bico, Maleta de transporte. | C50: unidade | D50: 462874 | E50: - | F50: 4 | G50: 20 | I50: 229.14 | J50: =(F50+G50+H50)*I50 -> 5499.36 | K50: SIM | L50: Aberto | M50: =VLOOKUP(I50, Intervalos!$B$3:$C$8,2,TRUE) -> 0,10%
A51: 46 | B51: Lixadeira Roto Orbital para Madeira e Metal - Tensão 127v; potência 250w;velocidade 4500rpm a 12000 rpm, diâmetro da lixa 125mm, com coletor de pó. tensão 127v .garantia do fabricante de 24 meses. | C51: unidade | D51: 601995 | E51: CTF/APP: FTE - Categoria: Indústria Mecânica; Código: 4 | F51: 3 | I51: 310.72 | J51: =(F51+G51+H51)*I51 -> 932.16 | K51: SIM | L51: Aberto | M51: =VLOOKUP(I51, Intervalos!$B$3:$C$8,2,TRUE) -> 0,10%
A52: 47 | B52: Localizador e testador de cabo de rede RJ11 e RJ45 + teste de PoE - Pode testar fio de telefone, fio de rede, cabo de alimentação. - Pode testar o nível de linha, polaridade positiva e negativa usando apenas o emissor. - Função de verificação de fio de rede para avaliar conexão normal / curto-circuito / circuito aberto / cruzada e reversa. - Função de teste do emissor: incluindo teste de continuidade do cabo, medição do comprimento do cabo, varredura do cabo e teste PoE. - Três modos de varredura comutáveis: possui modo digital, modo analógico e modo PoE para opções de rastreamento de cabo. Indictor Lcd 320x240mm, com luz de fundo Tipos de teste de cabo Stp/utp 5e, 6e rede, telefone, cabo coaxial. Distância máxima de wiremap 2000 m. Distância máxima de rastreamento 2000m. Distância máxima do comprimento do cabo 1000 m. Distância mínima de calibração 10 m. Precisão 3% (após a calibração). Conectores compatíveis Rj11, rj45, bnc, ping/poe. Cabo mapa indicação Lcd (#1-#8). Tipo de bateria Bateria 3.7 mah do lítio 1800 v. Temperatura de trabalho/umidade 10 - ~ -60 - / 0 - ~ 70 -. Especificações do Receptor. Caça cabo Rj11, rj45, bnc. Tipos de cabo - 2 núcleos. Tipo de bateria Bateria 3.7 mah do lítio 1800 v. Unidade Remota especificações. Conectores compatíveis Rj11, rj45, bnc. Remoto 8. Modelo de Referencia: NF-8601W Noyafa POE PING ethernet tester Ver: V3 | C52: unidade | D52: 290230 | E52: CTF/APP: FTE - Categoria: Indústria de Material Elétrico, Eletrônico e Comunicações; Código: 5 | F52: 14 | G52: 4 | I52: 1503.97 | J52: =(F52+G52+H52)*I52 -> 27071.46 | K52: SIM | L52: Aberto | M52: =VLOOKUP(I52, Intervalos!$B$3:$C$8,2,TRUE) -> 0,10%
A53: 48 | B53: Mandril 3/4" - com capa de aço estampada, castanhas temperadas, acompanha uma chave CH-003 | C53: unidade | D53: 601297 | E53: CTF/APP: FTE - Categoria: Indústria Metalúrgica; Código: 3 | F53: 2 | I53: 182.47 | J53: =(F53+G53+H53)*I53 -> 364.94 | K53: SIM | L53: Aberto | M53: =VLOOKUP(I53, Intervalos!$B$3:$C$8,2,TRUE) -> 0,10%
A54: 49 | B54: Martelete Eletropneumático - Perfurador e rompedor com potencia de 800w, velocidade variável, energia de impacto 2.7j, números máximos de impactos: 0 - 5100 rpm. Numero de rotações nominais: 0 - 1300 rpm. Suporte de ferramentas sds plus. Com coletor de pó. Acompanha maleta de transporte; empunhadeira auxiliar e limitador de profundidade. | C54: unidade | D54: 468501 | E54: CTF/APP: FTE - Categoria: Indústria Mecânica; Código: 4 | F54: 2 | I54: 965.53 | J54: =(F54+G54+H54)*I54 -> 1931.06 | K54: SIM | L54: Aberto | M54: =VLOOKUP(I54, Intervalos!$B$3:$C$8,2,TRUE) -> 0,10%
A55: 50 | B55: Micro Retifica Elétrica, velocidade em vazio variável de 10.000 a 33.000 rpm, tensão de alimentação 127V, potência 130W. Fornecimento: Micro retífica acompanhada de eixo flexível, chave de aperto e estojo contendo no mínimo 82 acessórios diversos para utilização com a ferramenta. Modelo de referência: Dremel 3000, com eixo flexível e 82 acessórios. | C55: unidade | D55: 470428 | E55: CTF/APP: FTE - Categoria: Indústria Mecânica; Código: 4 | F55: 3 | G55: 30 | H55: 2 | I55: 481.76 | J55: =(F55+G55+H55)*I55 -> 16861.6 | K55: SIM | L55: Aberto | M55: =VLOOKUP(I55, Intervalos!$B$3:$C$8,2,TRUE) -> 0,10%
A56: 51 | B56: Nobreak para Estação de Trabalho Tipo I - Com pelo menos de 600VA - 300Watts de potência de saída; Entrada de tensão nominal de entrada: 115V ou Bivolt; Frequência de entrada: 60 Hz +/- 5 Hz; Conexão de entrada plug NBR 14136; Com comprimento do cabo (fixo): de pelo menos 1,20 metros; Fator de potência: 50%; Eficiência em carga total: 90.0%; Frequência de saída (sincronizada com rede elétrica) 60 Hz; Forma de onda Senoidal por aproximação. Conexões de saída: 4 tomadas NBR 14136. Autonomia em meia carga de 11 minutos e em plena carga de 3 minutos. Bateria selada chumbo-ácido (12 V - 7 Ah), livre de manutenção (Tipo V.R.L.A) e a prova de vazamento; Tempo de recarga: típico 12 horas; Quantidade: 1 bateria de 12 V / 7 Ah. Com cabos e manuais inclusos. | C56: unidade | D56: 620708 | E56: Margem de preferência normal código CFI ou PPB: 10% Margem de preferência adicional portaria DesIn: 10% | F56: 564 | H56: 10 | I56: 499.11 | J56: =(F56+G56+H56)*I56 -> 286489.14 | K56: NÃO | L56: Aberto | M56: =VLOOKUP(I56, Intervalos!$B$3:$C$8,2,TRUE) -> 0,10%
A57: 52 | B57: Nobreak para Estação de Trabalho Tipo II: Com mínimo de 1.500 VA de aproximadamente 820 Watts de potência de saída ou mais; Forma onda tipo senoidal; Bivolt automatizado com saída 115V. Com frequência de entrada e de saída: 60 Hz. Forma de onda senoidal pura na saída em modo bateria. Com 8 tomadas de saída padrão NBR14136 Saída padrão USB e cabo USB incluso. Autonomia de pelo menos 50 minutos ou superior. Com comprimento do cabo (fixo): de pelo menos 1,20 metros. Bateria selada (12 V - 7 Ah), livre de manutenção (Tipo V.R.L.A) e a prova de vazamento. | C57: unidade | D57: 474218 | E57: Margem de preferência normal código CFI ou PPB: 10% Margem de preferência adicional portaria DesIn: 10% | F57: 290 | I57: 1070.37 | J57: =(F57+G57+H57)*I57 -> 310407.3 | K57: NÃO | L57: Aberto | M57: =VLOOKUP(I57, Intervalos!$B$3:$C$8,2,TRUE) -> 0,10%
A58: 53 | B58: Parafusadeira Reversível Articulada – Bateria recarregável de 3,6 V - BIVOLT – Com acessórios. | C58: unidade | D58: 449664 | E58: CTF/APP: FTE - Categoria: Indústria Mecânica; Código: 4 | F58: 5 | G58: 6 | H58: 4 | I58: 126.95 | J58: =(F58+G58+H58)*I58 -> 1904.25 | K58: SIM | L58: Aberto | M58: =VLOOKUP(I58, Intervalos!$B$3:$C$8,2,TRUE) -> 0,10%
A59: 54 | B59: Parafuso Auto-Atarraxante - Material aço carbono, tipo cabeça chata, tipo fenda cruzada, diâmetro corpo aproximadamente 3,50, comprimento aproximadamente 25, características adicionais fixer/rosca auto cortante tipo chipboard, aplicação carpintaria. Pacote com 100 unidades. | C59: pacote 100 unid | D59: 360895 | E59: CTF/APP: FTE - Categoria: Indústria Metalúrgica; Código: 3 | F59: 7 | H59: 2 | I59: 40.08 | J59: =(F59+G59+H59)*I59 -> 360.72 | K59: SIM | L59: Aberto | M59: =VLOOKUP(I59, Intervalos!$B$3:$C$8,2,TRUE) -> 0.05
A60: 55 | B60: Passa Fio Profissional - com carretel guia de aço isolado 60m, fita em aço liga nas dimensões aproximadas de 3,0 x 1,5mm, isolamento em nylon de alta flexibilidade de aproximadamente 6mm. Suporte de aço carbono com acabamento em pintura eletrostática, o suporte deve possuir uma manivela. | C60: unidade | D60: 445154 | E60: - | F60: 2 | H60: 2 | I60: 905.16 | J60: =(F60+G60+H60)*I60 -> 3620.64 | K60: SIM | L60: Aberto | M60: =VLOOKUP(I60, Intervalos!$B$3:$C$8,2,TRUE) -> 0,10%
A61: 56 | B61: Placa de sinalização para estante dupla de biblioteca. Especificações mínimas: largura x profundidade x altura: 54 cm x 3 cm x 53 cm. Face dupla. Cor a definir. Confeccionado em chapa de aço nº 20 (0,90mm), sem arestas cortantes e rebarbas, com acabamento anti-ferruginoso. composta de 01 (uma) placa superior para título e 02 (duas) inferiores para acervo. Sem adesivo ou serigrafia. Modelo de referência: Biccateca silt modelo 7095. | C61: Unidade | D61: 383339 | E61: - | F61: 12 | I61: 529.44 | J61: =(F61+G61+H61)*I61 -> 6353.28 | K61: SIM | L61: Aberto | M61: =VLOOKUP(I61, Intervalos!$B$3:$C$8,2,TRUE) -> 0,10%
A62: 57 | B62: Rebolo abrasivo. Tipo: Reto. Diâmetro Externo: 152,40 MM. Altura: 19 MM. Diâmetro Furo: 31,75 MM. Material Abrasivo: Óxido de Alumínio Marron. Tamanho Grão: 46. Aplicação: Moto-Esmeril. | C62: Unidade | D62: 625244 | E62: - | F62: 13 | H62: 4 | I62: 66.96 | J62: =(F62+G62+H62)*I62 -> 1138.32 | K62: SIM | L62: Aberto | M62: =VLOOKUP(I62, Intervalos!$B$3:$C$8,2,TRUE) -> 0.1
A63: 58 | B63: Refil de filtro para bebedouro - hidrofiltros 6000 litros 9.3/4" - Certificado Inmetro - Material Carvão | C63: Unidade | D63: 625164 | E63: - | F63: 10 | I63: 54.14 | J63: =(F63+G63+H63)*I63 -> 541.4 | K63: SIM | L63: Aberto | M63: =VLOOKUP(I63, Intervalos!$B$3:$C$8,2,TRUE) -> 0.1
A64: 59 | B64: Refil EF 230 para filtro de água. Tripla filtragem. Polipropileno e carvão ativado com prata coloidal. Retenção de particulado (classificação INMETRO): Classe III (partículas de 5 a 15um). Retenção de Cloro (classificação INMETRO): Classe I (Retém mais de 75% do cloro presente na água). Controle microbiológico. Vida útil nominal: 5000 L. Vazão máxima: 360 litros/hora. Dimensões aprox. do produto (Ø x Alt): 72 x 230 mm. Aprovado pelo INMETRO de acordo com a Norma 14908 da ABNT. | C64: Unidade | D64: 350146 | E64: - | F64: 5 | I64: 55.05 | J64: =(F64+G64+H64)*I64 -> 275.25 | K64: SIM | L64: Aberto | M64: =VLOOKUP(I64, Intervalos!$B$3:$C$8,2,TRUE) -> 0.1
A65: 60 | B65: Refil filtro planeta água compatível com purificador de água Master Frio CP500 Rótulo Azul (código 1080). Vida Útil: 4000 litros ou 6 Meses. Vazão: 60 litros/hora. Redução de Cloro Livre. Retenção de Partículas: Classe C (5 a 15 micra). Temperatura de Operação: 1 a 40 °C. Pressão de Operação: 29 a 392 kPa. | C65: Unidade | D65: 449088 | E65: - | F65: 25 | I65: 61.39 | J65: =(F65+G65+H65)*I65 -> 1534.75 | K65: SIM | L65: Aberto | M65: =VLOOKUP(I65, Intervalos!$B$3:$C$8,2,TRUE) -> 0.1
A66: 61 | B66: Refil para filtro de água Bigblue 20. Cartucho fabricado em polipropileno com 4,5” X 20” ( L X A) para filtro Bigblue 20. Grau de retenção de partículas de 5µm. Não elimina cloro nem ferro da água. Altura: 508mm, Diâmetro externo: 114,3mm. Vazão máxima: até 1.200 litros por hora. Temperatura máxima: 60ºC. Durabilidade do refil: até 6 meses (Depende da qualidade da água). | C66: unidade | D66: 350799 | E66: - | F66: 38 | I66: 66.82 | J66: =(F66+G66+H66)*I66 -> 2539.16 | K66: SIM | L66: Aberto | M66: =VLOOKUP(I66, Intervalos!$B$3:$C$8,2,TRUE) -> 0.1
A67: 62 | B67: Refil para filtro purificador de água Pró-Se Soft Everest 2 em 1 Acquabios. Vazão nominal - 60 L/H. Pressão - 19,6 a 392 kPa. Classe de retenção de partículas - Classe C (= 5 a < 15 µm). Com redução de cloro livre. Vida útil do refil - 6.000 L. | C67: Unidade | D67: 622740 | E67: - | F67: 13 | I67: 57.59 | J67: =(F67+G67+H67)*I67 -> 748.67 | K67: SIM | L67: Aberto | M67: =VLOOKUP(I67, Intervalos!$B$3:$C$8,2,TRUE) -> 0.1
A68: 63 | B68: Trena longa em fita de fibra de vidro 100m. Resistente a água e variações de temperatura, caixa plástica em ABS de alta resistência, graduação em mm e polegadas, manivela para recolhimento da fita, clipe metálico na ponta da fita e cabo ergonômico emborrachado, comprimento da trena: 100 m, largura da fita da trena: 12,5 mm. Tipo da caixa da trena longa: aberta. Acabamento da fita da trena: pintura fosca. Classe de precisão: CLASSE III. | C68: unidade | D68: 368983 | E68: - | F68: 2 | I68: 126.07 | J68: =(F68+G68+H68)*I68 -> 252.14 | K68: SIM | L68: Aberto | M68: =VLOOKUP(I68, Intervalos!$B$3:$C$8,2,TRUE) -> 0,10%
A69: 64 | B69: Trena longa em fita de fibra de vidro 30m. Resistente a água e variações de temperatura, caixa plástica em ABS de alta resistência, graduação em mm e polegadas, manivela para recolhimento da fita, clipe metálico na ponta da fita e cabo ergonômico emborrachado, comprimento da trena: 30 m, largura da fita da trena: 12,5 mm. Tipo da caixa da trena longa: aberta. Acabamento da fita da trena: pintura fosca. Classe de precisão: CLASSE III | C69: unidade | D69: 374451 | E69: - | F69: 3 | H69: 2 | I69: 84.9 | J69: =(F69+G69+H69)*I69 -> 424.5 | K69: SIM | L69: Aberto | M69: =VLOOKUP(I69, Intervalos!$B$3:$C$8,2,TRUE) -> 0.1
A70: 65 | B70: Trena longa em fita de fibra de vidro 50m. Resistente a água e variações de temperatura, caixa plástica em ABS de alta resistência, graduação em mm e polegadas, manivela para recolhimento da fita, clipe metálico na ponta da fita e cabo ergonômico emborrachado, comprimento da trena: 50 m, largura da fita da trena: 12,5 mm. Tipo da caixa da trena longa: aberta. Acabamento da fita da trena: pintura fosca. Classe de precisão: CLASSE III. | C70: unidade | D70: 250424 | E70: - | F70: 3 | I70: 85.99 | J70: =(F70+G70+H70)*I70 -> 257.97 | K70: SIM | L70: Aberto | M70: =VLOOKUP(I70, Intervalos!$B$3:$C$8,2,TRUE) -> 0.1
A71: 66 | B71: Serra Copo Diamantada 2” (51mm) - com corpo de aço resistente, aresta de corte revestida com diamante sintético. | C71: unidade | D71: 441627 | E71: CTF/APP: FTE - Categoria: Indústria Metalúrgica; Código: 3 | F71: 3 | I71: 120.75 | J71: =(F71+G71+H71)*I71 -> 362.25 | K71: SIM | L71: Aberto | M71: =VLOOKUP(I71, Intervalos!$B$3:$C$8,2,TRUE) -> 0,10%
A72: 67 | B72: Serra Tico-Tico - 450W de potência, 127v – punho emborrachado compatível com lâminas de serra para cortes mais pesado. | C72: unidade | D72: 460108 | E72: CTF/APP: FTE - Categoria: Indústria Mecânica; Código: 4 | F72: 2 | H72: 2 | I72: 580.38 | J72: =(F72+G72+H72)*I72 -> 2321.52 | K72: SIM | L72: Aberto | M72: =VLOOKUP(I72, Intervalos!$B$3:$C$8,2,TRUE) -> 0,10%
A73: 68 | B73: Soprador Térmico: Soprador térmico, com bocal de 22mm compatível com acessórios disponíveis no mercado. Suporte que permite utilizar o equipamento apoiado. Pelo menos 650 horas de vida útil. Controle de temperatura com desligamento automático em altas temperaturas para evitar queima do aparelho. Potência de pelo menos 1550W. Temperaturas de 50º a 600º. Fluxo de ar variável de 250 a 500 l/min. Peso máximo de 0,6KG. Com cabos, manuais e 2 bicos inclusos. | C73: unidade | D73: 313365 | E73: CTF/APP: FTE - Categoria: Indústria Mecânica; Código: 4 | F73: 3 | G73: 6 | H73: 3 | I73: 169.25 | J73: =(F73+G73+H73)*I73 -> 2031 | K73: SIM | L73: Aberto | M73: =VLOOKUP(I73, Intervalos!$B$3:$C$8,2,TRUE) -> 0,10%
A74: 69 | B74: Spray para Limpeza de Contatos Elétricos e Eletrônicos - Através de mistura com solventes alifáticos. Conteúdo da embalagem 300ml. Validade de 24 meses | C74: unidade | D74: 260968 | E74: - | F74: 17 | G74: 50 | H74: 15 | I74: 22.18 | J74: =(F74+G74+H74)*I74 -> 1818.76 | K74: SIM | L74: Aberto | M74: =VLOOKUP(I74, Intervalos!$B$3:$C$8,2,TRUE) -> 0.05
A75: 70 | B75: Tesoura de poda profissional em ferro nodular e pintura epóxi para a realização de coleta de material botânico. Trava de segurança com acionamento de um único botão. Diâmetro de corte: 17mm. Com lâmina intercambiável. Cabo anatômico. | C75: unidade | D75: 451993 | E75: CTF/APP: FTE - Categoria: Indústria Metalúrgica; Código: 3 | F75: 9 | I75: 81.25 | J75: =(F75+G75+H75)*I75 -> 731.25 | K75: SIM | L75: Aberto | M75: =VLOOKUP(I75, Intervalos!$B$3:$C$8,2,TRUE) -> 0.1
A76: 71 | B76: Testa Cabo de Rede RJ 45 - Padrões 568a, 568b, 10 base-t, cabo de telefone RJ11, cabo BNC; localizador de cabos, teste de continuidade, cabos token ring, cabos coaxiais UTP e STP. Integridade da rede e exame de configuração. Testes de circuitos abertos/curtos-circuitos, ligações elétricas defeituosas, reversões e pares divididos; rastreamento de ponto de curto/abertura do cabo; recebe sinais na rede ou cabo de telefone; transmissor de sinal para rede de destino e rastreamento de sentido do cabo. Deve detecta modos de linha de telefone: ideal, vibração ou usado (fora do gancho). | C76: unidade | D76: 274666 | E76: CTF/APP: FTE - Categoria: Indústria de Material Elétrico, Eletrônico e Comunicações; Código: 5 | F76: 13 | I76: 36.8 | J76: =(F76+G76+H76)*I76 -> 478.4 | K76: SIM | L76: Aberto | M76: =VLOOKUP(I76, Intervalos!$B$3:$C$8,2,TRUE) -> 0.05
A77: 72 | B77: Testador de Cabos: Para Teste de cabos RJ11, RJ45, USB e BNC. Leds de indicação de pares Straight (Direto), Crossover (cruzado), sem conexão e curto-circuito para cabos RJ-45/11 e USB; curto-circuito, 25 Ohm, 50 Ohm e sem terminação para conectores BNC. Com aviso sonoro para indicação de bateria fraca. | C77: unidade | D77: 326619 | E77: CTF/APP: FTE - Categoria: Indústria de Material Elétrico, Eletrônico e Comunicações; Código: 5 | F77: 2 | I77: 227.98 | J77: =(F77+G77+H77)*I77 -> 455.96 | K77: SIM | L77: Aberto | M77: =VLOOKUP(I77, Intervalos!$B$3:$C$8,2,TRUE) -> 0,10%
A78: 73 | B78: Testador e carregador de bateria de 12 volts. Especificações mínimas: Tela LCD de 2,4 polegadas, Temperatura de trabalho: -10 - + 60 (),Tipo de plugue: padrão ABNT NBR14136, Entrada ca: 100-240 V / 50-60 Hz, Saída: tensão 12V, Saída: corrente 5A, Tensão de saída sem carga: 13,8V, Tensão mínima de partida: > 2,0V, Potência de entrada de carga: máximo 80W, Potência de entrada no- carga: 3W Resfriamento: ventilador, Faixa de capacidade de carga: 4AH-100AH, Âmbito de aplicação: 100-2000cca, Idiomas: inglês, alemão, francês, holandês, russo, espanhol, italiano, português, Compensação de temperatura: Sim, modos de inverno e verão,Tipos de bateria compatíveis: todos os tipos de baterias de chumbo-ácido, Garantia mínima: 12 meses. Modelo de Referência: Testador e carregador de bateria KW510 | C78: unidade | D78: 635470 | E78: - | F78: 15 | I78: 306.63 | J78: =(F78+G78+H78)*I78 -> 4599.45 | K78: SIM | L78: Aberto | M78: =VLOOKUP(I78, Intervalos!$B$3:$C$8,2,TRUE) -> 0,10%
A79: 74 | B79: Vaselina sólida industrial. Fornecimento em frasco de 450 gramas | C79: Embalagem 450 Grama | D79: 428611 | E79: CTF/APP: FTE - Categoria: Indústria Química; Código: 15 | F79: =3600/450 -> 8 | G79: 25 | I79: =0.07*450 -> 31.5 | J79: =(F79+G79+H79)*I79 -> 1039.5 | K79: SIM | L79: Aberto | M79: =VLOOKUP(I79, Intervalos!$B$3:$C$8,2,TRUE) -> 0.05
I80: VALOR TOTAL | J80: =SUM(J6:J79) -> 890351.03

Sheet Intervalos
B2: Valor Unitário Estimado (Faixa) | C2: Diferença Mínima de Valores / Percentuais de Lances | E2: Interpretação
B3: 0.01 | C3: 0.01 | E3: R$ 0,01 - R$ 5,00 => R$ 0,01
B4: 5 | C4: 0.02 | E4: R$ 5,01 - R$ 10,00 => R$ 0,02
B5: 10 | C5: 0.03 | E5: R$ 10,01 - R$ 20,00 => R$ 0,03
B6: 20 | C6: 0.05 | E6: R$ 20,01 - R$ 50,00 => R$ 0,05
B7: 50 | C7: 0.1 | E7: R$ 50,01 - R$ 100,00 => R$ 0,10
B8: 100 | C8: 0,10% | E8: Acima de R$ 100,00 => 0,10%
